 Dungeon Crawl Stone Soup version 0.30-a0-702-gdf48620a09 (webtiles) character file.

Game seed: 15855910224272753243

144 Dartaoz the Ruffian (level 5, -6/48 HPs)
             Began as a Troll Gladiator on Jan 21, 2023.
             Killed by divine providence
             ... invoked by an orc priest
              (11 damage)
             ... on level 3 of the Dungeon.
             The game lasted 00:04:12 (1044 turns).

Dartaoz the Ruffian (Troll Gladiator)               Turns: 1044, Time: 00:04:12

Health: -6/48      AC:  5    Str: 24    XL:     5   Next: 5%
Magic:  4/4        EV: 10    Int:  4    God:
Gold:   95         SH:  0    Dex: 11    Spells: 4/4 levels left

rFire   . . .      SeeInvis +      - Unarmed
rCold   . . .      Faith    .    (no shield)
rNeg    . . .      Spirit   .    a - +0 robe
rPois   .          Reflect  .    b - +0 hat
rElec   .          Harm     .    j - +0 cloak
rCorr   .          Rampage  .    (gloves unavailable)
Will    .....                    (boots unavailable)
Stlth   +                        (no amulet)
HPRegen 1.08/turn                n - ring of see invisible
MPRegen 0.09/turn                (no ring)

@: no status effects
A: large, unfitting armour, claws 3, regeneration 1, shaggy fur 1, tough skin 1
a: no special abilities


You were on level 3 of the Dungeon.
You visited 1 branch of the dungeon, and saw 3 of its levels.

You collected 95 gold pieces.

Inventory:

Missiles
 c - 3 throwing nets (quivered)
Armour
 a - a +0 robe (worn)
 b - a +0 hat (worn)
 j - a +0 cloak (worn)
Jewellery
 n - a ring of see invisible (left claw)
Wands
 l - a wand of digging (5)
Scrolls
 e - 2 scrolls of silence {unknown}
 f - a scroll of fear {unknown}
 g - a scroll of magic mapping {unknown}
 h - 3 scrolls of poison {unknown}
 i - a scroll of identify {unknown}
 k - a scroll of teleportation {unknown}
Potions
 m - a potion of attraction {unknown}
 o - a potion of curing {unknown}


   Skills:
 - Level 1.5 Fighting
 + Level 3.6 Throwing
 - Level 2.4 Dodging
 + Level 4.6 Unarmed Combat


You had 4 spell levels left.
You didn't know any spells.
Your spell library was empty.

Dungeon Overview and Level Annotations

Branches:
Dungeon (3/15)

Altars:


Innate Abilities, Weirdness & Mutations

You are too large for most types of armour.
You have claws for hands.
Your natural rate of healing is unusually fast.
You are covered in fur. (AC +1)
You have tough skin. (AC +1)


Message History

The ball python barely misses you.
You claw the orc!
You kill the orc!
The orc hits you from afar with a +0 trident.
The ball python misses you.
You barely miss the ball python.
The orc hits you from afar with a +0 trident.
The ball python bites you but does no damage.
You scratch the orc wizard.
The orc wizard is lightly wounded.
The orc hits you but does no damage.
The orc wizard hits you but does no damage.
The ball python bites you but does no damage.
You barely miss the orc wizard.
The orc wizard is lightly wounded.
The orc priest calls down the wrath of Beogh upon you.
Beogh smites you!
The orc hits you from afar with a +0 trident!
The orc wizard points at you and mumbles some strange words.
The puff of flame hits you!
* * * LOW HITPOINT WARNING * * *
The orc hits you but does no damage. The ball python bites you.
* * * LOW HITPOINT WARNING * * *
You are too injured to fight recklessly!
The orc attacks as you move away! The orc closely misses you.
The orc wizard barely misses you.
The orc priest attacks as you move away!
The orc priest hits you but does no damage.
The ball python attacks as you move away!
The ball python bites you.
* * * LOW HITPOINT WARNING * * *
The orc priest begins to cast a cantrip, but forgets the words!
The ball python bites you.
* * * LOW HITPOINT WARNING * * *
The orc barely misses you. The orc wizard casts a spell at you.
The magic dart hits you but does no damage.
The orc priest mumbles some strange prayers to Beogh against you.
Beogh smites you!
You die...

.# ...# ... .. .#
..########.# #
.......@o..#.##
........S....(##
###.....oo)....#
#......†o......#
#....?.........#
#......!........
#...............#
.................
.##............#.


You could see an orc priest, an orc wizard, 2 orcs and a ball python.

Vanquished Creatures
  Natasha (thrice) (D:2)
  An adder (D:2)
  3 dart slugs
  An orc (D:3)
  6 ball pythons
  4 endoplasms (D:2)
  5 goblins
  6 hobgoblins
  6 jackals
  A quokka (D:2)
  11 bats
  2 frilled lizards
  4 kobolds
  4 rats (D:2)
57 creatures vanquished.

Notes
Turn   | Place    | Note
-------+----------+-------------------------------------------
     0 | D:1      | Dartaoz the Troll Gladiator began the quest for the Orb.
     0 | D:1      | Reached XP level 1. HP: 19/19 MP: 0/0
   188 | D:1      | Reached XP level 2. HP: 26/27 MP: 1/1
   563 | D:2      | Reached XP level 3. HP: 33/33 MP: 2/2
   626 | D:2      | Noticed Natasha
   632 | D:2      | Killed Natasha
   633 | D:2      | Reached skill level 4 in Unarmed Combat
   633 | D:2      | Reached XP level 4. HP: 41/41 MP: 3/3
   776 | D:2      | Noticed Natasha
   780 | D:2      | Killed Natasha
   797 | D:2      | Noticed Natasha
   803 | D:2      | Killed Natasha
   850 | D:2      | Reached XP level 5. HP: 48/48 MP: 4/4
  1044 | D:3      | Killed from afar by an orc priest

Illustrated notes

Levels and vault maps discovered:
D:1:      psy_arrival_conway, layout_rooms,
          nicolae_concentric_dashed_squares_wild
D:2:      layout_rooms, minmay_heptomino_o4, uniq_natasha
D:3:      kennysheep_goblin_castle, layout_rooms

Skill      XL: |  1  2  3 |
---------------+----------+-----
Throwing       | 2 3 |  3.6
Unarmed Combat | 4 |  4.6
Fighting       | |  1.5
Dodging        | |  2.4

Action                   |  1- 3 |  4- 6 || total
-------------------------+-------+-------++-------
Melee: Unarmed           |   100 |    36 ||   136
       Punch             |     1 |       ||     1
Throw: Large rock        |     2 |     3 ||     5
 Stab: Sleeping          |       |     1 ||     1
Armor: Robe              |    53 |    14 ||    67
Dodge: Dodged            |    65 |    18 ||    83

Table legend: (Time is in decaauts)
 A = Elapsed time spent in this place.
 B = Non-inter-level travel time spent in this place.
 C = Inter-level travel time spent in this place.
 D = Time resting spent in this place.
 E = Time spent auto-exploring this place.
 F = Levels seen in this place.
 G = Mean time per level.
                   A        B        C        D        E       F      G
               +--------+--------+--------+--------+--------+-----+--------+
         Total |   1038 |   1017 |     21 |      0 |    697 |   3 |  346.0 |
       Dungeon |   1038 |   1017 |     21 |      0 |    697 |   3 |  346.0 |
               +--------+--------+--------+--------+--------+-----+--------+

Top non-repeatable levels by time:
     D:1: 545 daAuts
     D:2: 480 daAuts
     D:3: 12 daAuts
